 Dungeon Crawl Stone Soup version 0.29-a0-284-gf9362112df (webtiles) character file.

Game seed: 11201485610520710209

940 rabbitsville the Shooter (level 7, -3/37 HPs)
             Began as a Spriggan Hunter on Mar 15, 2022.
             Slain by a gnoll sergeant
             ... wielding a +3 spear
              (12 damage)
             ... on level 5 of the Dungeon.
             The game lasted 00:27:21 (5028 turns).

rabbitsville the Shooter (Spriggan Hunter)          Turns: 5028, Time: 00:27:22

Health: -3/37      AC:  3    Str:  7    XL:     7   Next: 88%
Magic:  8/8        EV: 19    Int: 16    God:
Gold:   109        SH:  0    Dex: 27    Spells: 6/6 levels left

rFire   . . .      SeeInvis +   a - +1 shortbow
rCold   . . .      Faith    .   (shield currently unavailable)
rNeg    . . .      Spirit   .   n - +0 robe
rPois   .          Reflect  .   (helmet restricted)
rElec   .          Harm     .   e - +0 cloak
rCorr   .          Rampage  .   (gloves unavailable)
Will    +....                   (boots unavailable)
Stlth   +++.......              (no amulet)
HPRegen 0.12/turn               j - +6 ring of dexterity
MPRegen 0.11/turn               o - +6 ring of intelligence

@: mighty, very quick
A: very small, no large weapons, unfitting armour, see invisible, speed 3
a: no special abilities


You were on level 5 of the Dungeon.
You visited 1 branch of the dungeon, and saw 5 of its levels.
You also visited: Ossuary.

You collected 109 gold pieces.

Inventory:

Hand Weapons
 a - a +1 shortbow (weapon)
 b - the +8 quarterstaff of the Sugar Beet {vorpal, rPois rC- Will+ SInv}
   (You found it on level 2 of the Dungeon)

   It inflicts extra damage upon your enemies.
   rC:        It makes you vulnerable to cold.
   rPois:     It protects you from poison.
   SInv:      It lets you see invisible.
   Will:      It increases your willpower.
Armour
 e - a +0 cloak (worn)
 n - a +0 robe (worn)
Jewellery
 j - a +6 ring of dexterity (left hand)
 o - a +6 ring of intelligence (right hand)
Scrolls
 c - 5 scrolls of immolation
 d - a scroll of fear
 f - 3 scrolls of identify
 g - a scroll of teleportation {unknown}
 h - 2 scrolls of amnesia
 m - a scroll of torment {unknown}
 p - a scroll of enchant armour {unknown}
 r - a scroll of holy word {unknown}
 u - 2 scrolls of fog {unknown}
Potions
 i - 5 potions of curing
 k - 2 potions of ambrosia {unknown}
 l - a potion of invisibility {unknown}
 q - 2 potions of attraction {unknown}
 s - a potion of mutation {unknown}
 t - a potion of magic {unknown}
 v - 3 potions of might
 w - a potion of brilliance {unknown}
 x - 2 potions of lignification {unknown}
 z - 2 potions of heal wounds {unknown}


   Skills:
 + Level 4.1 Fighting
 * Level 4.0 Staves
 + Level 7.4 Bows
 - Level 2.6 Dodging
 - Level 4.1 Stealth


You had 6 spell levels left.
You didn't know any spells.
Your spell library contained the following spells:

 Spells                   Type           Power      Damage    Failure   Level
 Tukima's Dance           Hex            0%         N/A       58%         3
 Anguish                  Hex/Necr       0%         N/A       94%         4
 Enfeeble                 Hex            0%         N/A       100%        7


Dungeon Overview and Level Annotations

Branches:
Dungeon (5/15)            Ossuary (visited)
 Temple: D:4-7

Altars:
Uskayaw

Shops:
D:1 [

Annotations:
D:4 1 runed translucent door, exclusion: door, Crazy Yiuf


Innate Abilities, Weirdness & Mutations

You are very small and have problems with some larger weapons.
You are too small for most types of armour.
You have supernaturally acute eyesight. (SInv)
You cover ground extremely quickly. (Speed+++)


Message History

You shoot an arrow. The arrow hits the gnoll sergeant!
The gnoll sergeant is moderately wounded.
The gnoll sergeant hits you from afar with a +3 spear!
Shoot: a) +1 shortbow
Press: ? - help, Q - select action Shift-Dir - straight line, f/p - gnoll sergeant
Aim: a gnoll sergeant, wielding a +3 spear and wearing a +0 ring mail (moderately wounded, 76% to hit)
You shoot an arrow. The arrow hits the gnoll sergeant!
The gnoll sergeant is almost dead.
The gnoll sergeant barely misses you.
Shoot: a) +1 shortbow
Press: ? - help, Q - select action Shift-Dir - straight line, f/p - gnoll sergeant
Aim: a gnoll sergeant, wielding a +3 spear and wearing a +0 ring mail (almost dead, 76% to hit)
You shoot an arrow.
The arrow hits the gnoll sergeant but does no damage.
The gnoll sergeant is almost dead.
The gnoll sergeant hits you from afar with a +3 spear!
Shoot: a) +1 shortbow
Press: ? - help, Q - select action Shift-Dir - straight line, f/p - gnoll sergeant
Aim: a gnoll sergeant, wielding a +3 spear and wearing a +0 ring mail (almost dead, 76% to hit)
You shoot an arrow. The arrow hits the gnoll sergeant.
The gnoll sergeant is almost dead.
Shoot: a) +1 shortbow
Press: ? - help, Q - select action Shift-Dir - straight line, f/p - gnoll sergeant
Aim: a gnoll sergeant, wielding a +3 spear and wearing a +0 ring mail (almost dead, 76% to hit)
You shoot an arrow.
The arrow barely misses the gnoll sergeant.
The gnoll sergeant misses you.
The gnoll sergeant hits you from afar with a +3 spear.
* * * LOW HITPOINT WARNING * * *
It was a potion of might.
You feel very mighty all of a sudden. The gnoll sergeant closely misses you.
Shoot: a) +1 shortbow
Press: ? - help, Q - select action Shift-Dir - straight line, f/p - gnoll sergeant
Aim: a gnoll sergeant, wielding a +3 spear and wearing a +0 ring mail (almost dead, 76% to hit)
You shoot an arrow.
The arrow hits the gnoll sergeant but does no damage.
The gnoll sergeant is almost dead.
The gnoll sergeant hits you from afar with a +3 spear!
You die...

... ########### ....
..........##....
.............$.
...............
...........#
.......g...#
..........##
.........@#
..........(.......#
......#............#
......#......##.##...
.............##.#
#...
.............##.##
#....
......#......##..
....
......#........###.
...
......#............


You could see a gnoll sergeant.

Vanquished Creatures
  Sigmund (D:2)
  An ogre (D:4)
  2 phantoms (D:4)
  An elf zombie (Ossuary)
  3 human zombies (Ossuary)
  Jessica (D:2)
  2 iguanas (D:4)
  3 mummies
  12 gnolls
  5 adders
  2 ufetubi (D:4)
  2 adder zombies (Ossuary)
  4 dart slugs
  6 orcs
  4 ball pythons
  3 bats
  3 endoplasms (D:3)
  4 giant cockroaches
  5 goblins
  2 hobgoblins (D:3)
  3 jackals (D:4)
  7 kobolds
  3 quokkas (D:2)
  3 frilled lizards
  A goblin zombie (Ossuary)
  10 hobgoblin zombies (Ossuary)
  2 jackal zombies (Ossuary)
  9 kobold zombies (Ossuary)
  9 orc zombies (Ossuary)
  6 rats
119 creatures vanquished.

Vanquished Creatures (others)
  3 fungi
  3 plants (D:3)
6 creatures vanquished.

Grand Total: 125 creatures vanquished

Notes
Turn   | Place    | Note
-------+----------+-------------------------------------------
     0 | D:1      | rabbitsville the Spriggan Hunter began the quest for the
                  | Orb.
     0 | D:1      | Reached XP level 1. HP: 10/10 MP: 2/2
   368 | D:1      | Reached skill level 5 in Bows
   511 | D:1      | Reached XP level 2. HP: 15/15 MP: 3/3
   526 | D:1      | Found Afinal's Antique Armour Emporium.
  1412 | D:2      | Found a hide-covered altar of Uskayaw.
  1439 | D:2      | Identified the +0 ring mail of the Mangosteen {Str+4 SInv}
  1450 | D:2      | Reached XP level 3. HP: 18/18 MP: 4/4
  1492 | D:2      | Identified the +8 quarterstaff of the Sugar Beet {vorpal,
                  | rPois rC- Will+ SInv}
  1573 | D:2      | You fall into a shaft and drop 1 floor!
  1807 | D:3      | Found a faded altar of an unknown god.
  2274 | D:2      | Noticed Jessica
  2276 | D:2      | Killed Jessica
  2277 | D:2      | Reached XP level 4. HP: 23/23 MP: 5/5
  2330 | D:2      | Noticed Sigmund
  2389 | D:2      | Killed Sigmund
  2390 | D:2      | Reached skill level 6 in Bows
  2390 | D:2      | Reached XP level 5. HP: 21/28 MP: 6/6
  2390 | D:2      | Reached XP level 6. HP: 24/32 MP: 7/7
  3332 | D:4      | Found a runed translucent door.
  3333 | D:4      | Noticed Crazy Yiuf
  3516 | D:5      | Entered Level 5 of the Dungeon
  3531 | D:5      | Found a sand-covered staircase.
  3538 | Ossuary  | Entered an ossuary
  3786 | Ossuary  | Reached XP level 7. HP: 22/36 MP: 8/8
  4430 | D:4      | Reached skill level 7 in Bows
  5028 | D:5      | Slain by a gnoll sergeant

Illustrated notes

Levels and vault maps discovered:
D:1:      elethiomel_arrival_maze, layout_basic, serial_shops,
          nicolae_shop_crystal
D:2:      layout_rooms, basic_altar, hex_medium, uniq_sigmund, uniq_jessica
D:3:      layout_loops_ring, dreamdust_ecumenical_altar_grove
D:4:      layout_loops_ring, uniq_crazy_yiuf_cottage
D:5:      layout_rooms, gup_ossuary_entry_pyramid

Skill      XL: |  1  2  3  4  5  6  7 |
---------------+----------------------+-----
Stealth        | 2 3 4 |  4.1
Bows           | 5 6 7 |  7.4
Fighting       | 2 3 4 |  4.1
Staves         | 2 3 4 |  4.0
Dodging        | |  2.6

Action                   |  1- 3 |  4- 6 |  7- 9 || total
-------------------------+-------+-------+-------++-------
Melee: Staff             |    10 |       |       ||    10
       Quarterstaff      |     9 |    23 |    28 ||    60
 Fire: Shortbow          |    75 |   161 |    64 ||   300
  Use: Scroll            |       |       |     3 ||     3
       Potion            |       |       |     1 ||     1
Armor: Robe              |     5 |     2 |     5 ||    12
Dodge: Dodged            |    37 |    27 |    46 ||   110

Table legend: (Time is in decaauts)
 A = Elapsed time spent in this place.
 B = Non-inter-level travel time spent in this place.
 C = Inter-level travel time spent in this place.
 D = Time resting spent in this place.
 E = Time spent auto-exploring this place.
 F = Levels seen in this place.
 G = Mean time per level.
                   A        B        C        D        E       F      G
               +--------+--------+--------+--------+--------+-----+--------+
         Total |   3696 |   3475 |    221 |    864 |   1369 |   6 |  616.0 |
       Dungeon |   3266 |   3045 |    221 |    804 |   1340 |   5 |  653.2 |
       Ossuary |    430 |    430 |      0 |     60 |     29 |   1 |  430.0 |
               +--------+--------+--------+--------+--------+-----+--------+

Top non-repeatable levels by time:
     D:4: 1433 daAuts
     D:1: 755 daAuts
     D:2: 590 daAuts
 Ossuary: 430 daAuts
     D:3: 397 daAuts
     D:5: 89 daAuts
